 Dungeon Crawl Stone Soup version 0.32-a0-798-gfa783ce77f (webtiles) character file.

Game seed: 3899482365608939897

144344 Kenran the Tortoise (level 16, -19/157 HPs)
             Began as a Minotaur Ice Elementalist on Mar 21, 2024.
             Was a Priest of Uskayaw.
             Killed from afar by a salamander tyrant (30 damage)
             ... with a flame surge
             ... on level 3 of the Snake Pit.
             The game lasted 00:54:24 (22978 turns).

Kenran the Tortoise (Minotaur Ice Elementalist)    Turns: 22978, Time: 00:54:25

Health: -19/157    AC: 27    Str: 19    XL:     16   Next: 84%
Magic:  24/24      EV:  9    Int: 12    God:    Uskayaw [***...]
Gold:   1763       SH: 20    Dex: 13    Spells: 16/17 levels left

rFire   . . .        a - +1 morningstar (protect)
rCold   + . .        Y - +1 tower shield {rC+}
rNeg    . . .        U - +1 leather armour {rPois}
rPois   +            X - +2 hat
rElec   .            K - +2 cloak
rCorr   .            w - +0 pair of gloves
SInv    .            i - +0 pair of boots
Will    +....        p - amulet of regeneration
Stlth   ++           G - +4 ring of slaying
HPRegen 1.26/turn    j - +4 ring of protection
MPRegen 0.19/turn

%: no passive effects
@: about to teleport, weakened, under a protective aura, studying Shields
A: horns 2, retaliatory headbutt
a: Renounce Religion, Stomp, Line Pass


You were on level 3 of the Snake Pit.
You worshipped Uskayaw.
Uskayaw was pleased with you.
You visited 3 branches of the dungeon, and saw 23 of its levels.
You also visited: Ossuary, Gauntlet and Ice Cave.

You collected 1763 gold pieces.

Inventory:

Hand Weapons
 a - a +1 morningstar of protection (weapon)
Missiles
 k - 3 throwing nets
 J - 11 curare-tipped darts
Armour
 i - a +0 pair of boots (worn)
 w - a +0 pair of gloves (worn)
 K - a +2 cloak (worn)
 Q - a +4 scale mail of willpower
 U - a +1 leather armour of poison resistance (worn)
 X - a +2 hat (worn)
 Y - a +1 tower shield of cold resistance (worn)
Jewellery
 j - a +4 ring of protection (right hand)
 p - an amulet of regeneration (around neck)
 G - a +4 ring of slaying (left hand)
 T - a ring of willpower
 W - a ring of see invisible
Wands
 t - a wand of flame (50)
 u - a wand of roots (5)
 L - a wand of mindburst (9)
 M - a wand of light (14)
 R - a wand of digging (4)
 V - a wand of polymorph (16)
 Z - a wand of paralysis (5)
Scrolls
 c - 4 scrolls of poison {!r}
 d - 2 scrolls of revelation {unknown}
 e - 2 scrolls of blinking
 f - 6 scrolls of fog
 h - a scroll of silence
 m - 2 scrolls of brand weapon
 r - 2 scrolls of teleportation
 v - 6 scrolls of immolation {!r}
 x - 2 scrolls of fear
 C - a scroll of butterflies
 E - 4 scrolls of enchant weapon
 H - 3 scrolls of enchant armour {unknown}
Potions
 b - 2 potions of magic
 g - 3 potions of attraction {!q}
 l - 2 potions of cancellation {unknown}
 n - 6 potions of curing {@q1}
 o - 2 potions of resistance {unknown}
 q - a potion of berserk rage {unknown}
 s - a potion of ambrosia {unknown}
 z - a potion of haste {unknown}
 A - a potion of might
 B - 6 potions of mutation {unknown}
 D - a potion of experience {unknown}
 F - 2 potions of degeneration {unknown}
 I - 3 potions of enlightenment
 N - 3 potions of brilliance {unknown}
 O - a potion of lignification {!q}
Miscellaneous
 y - a condenser vane
 P - a phial of floods
 S - a phantom mirror


   Skills:
 - Level 18.0 Fighting
 - Level 16.0 Maces & Flails
 - Level 20.0 Armour
 - Level 2.1 Dodging
 - Level 1.5 Stealth
 + Level 16.5 Shields
 - Level 0.6 Unarmed Combat
 - Level 1.3 Spellcasting
 - Level 2.9 Ice Magic
 - Level 12.0 Invocations


You had 16 spell levels left.
You knew the following spells:

 Your Spells              Type           Power      Damage    Failure   Level
a - Freeze                Ice            28%        1d5       24%         1

Your spell library contained the following spells:

 Spells                   Type           Power      Damage    Failure   Level
 Frozen Ramparts          Ice            14%        1d3       58%         3
 Ozocubu's Armour         Ice            7%         N/A       58%         3
 Apportation              Tloc           0%         N/A       63%         1
 Foxfire                  Conj/Fire      0%         2x1d4     63%         1
 Sting                    Conj/Alch      0%         1d3       63%         1
 Cigotuvi's Dreadful Rot  Necr/Alch/Air  0%         N/A       77%         2
 Jinxbite                 Hex            0%         N/A       77%         2
 Lesser Beckoning         Tloc           0%         N/A       77%         2
 Mercury Vapours          Alch/Air       0%         N/A       77%         2
 Static Discharge         Conj/Air       0%         3-3/arc   77%         2
 Sublimation of Blood     Necr           0%         N/A       77%         2
 Summon Ice Beast         Ice/Summ       4%         N/A       78%         3
 Gell's Gravitas          Tloc           0%         N/A       94%         3
 Mephitic Cloud           Conj/Alch/Air  0%         N/A       94%         3
 Teleport Other           Tloc           0%         N/A       94%         3
 Airstrike                Air            0%         2d(0-16)  100%        4
 Animate Armour           Summ/Erth      0%         N/A       100%        4
 Animate Dead             Necr           0%         N/A       100%        4
 Ignite Poison            Fire/Alch      0%         N/A       100%        4
 Olgreb's Toxic Radiance  Alch           0%         N/A       100%        4
 Petrify                  Alch/Erth      0%         N/A       100%        4
 Summon Lightning Spire   Summ/Air       0%         N/A       100%        4
 Alistair's Intoxication  Alch           0%         N/A       100%        5
 Freezing Cloud           Conj/Ice/Air   1%         6-21      100%        5
 Irradiate                Conj/Alch      0%         3d11      100%        5
 Lee's Rapid Deconstruct  Erth           0%         3d4*      100%        5
 Summon Mana Viper        Hex/Summ       0%         N/A       100%        5
 Yara's Violent Unravell  Hex/Alch       0%         3d3       100%        5
 Plasma Beam              Fire/Air       0%         2x1d10    100%        6
 Starburst                Conj/Fire      0%         6d3       100%        6
 Enfeeble                 Hex            0%         N/A       100%        7
 Haunt                    Necr/Summ      0%         N/A       100%        7
 Monstrous Menagerie      Summ           0%         N/A       100%        7
 Infestation              Necr           0%         N/A       100%        8


Dungeon Overview and Level Annotations

Branches:
Dungeon (15/15)            Temple (0/1) D:5            Lair (5/5) D:9
  Swamp (0/4) Lair:2        Snake (3/4) Lair:3        Slime (0/5) Lair:4
    Orc (0/2) D:9          Vaults (0/5) D:13         Depths (0/4) D:15
Ossuary (visited)           IceCv (visited)         Gauntlet (visited)

Altars:
Ashenzari
Dithmenos
Fedhas
Gozag
Hepliaklqana
Kikubaaqudgha
Ru
Sif Muna
Trog
Uskayaw
Vehumet
Wu Jian
Xom
Yredelemnul
Jiyva

Shops:
D:9 *   D:14 [   Snake:1 ((   Snake:3 *

Annotations:
D:3 exclusion: oklob plant
D:5 3 runed translucent doors, paps's ghost, amateur TrFi
D:8 1 runed translucent door, Zaque's ghost, novice TrBr
D:9 2 runed translucent doors, Gilette's ghost, novice DrSh
Lair:4 2 transporters, 1 runed translucent door, Rankomyk's ghost, journeyman VSEn


Innate Abilities, Weirdness & Mutations

You have a pair of horns on your head.
You reflexively headbutt those who attack you in melee.


Message History

You hit the salamander tyrant.
The salamander tyrant is moderately wounded.
The salamander tyrant calls gouts of flame from the lava!
The flame surge hits you!!
The salamander tyrant calls gouts of flame from the lava!
The flame surge hits you!
You hit the salamander tyrant.
The salamander tyrant is moderately wounded.
The salamander tyrant calls gouts of flame from the lava!
The flame surge hits you!!!
The salamander tyrant gazes fiercely through you!
You feel as though you will be weak longer.
The salamander tyrant calls gouts of flame from the lava!
The flame surge hits you.
You are too injured to fight recklessly!
As you read the scroll of fear, it crumbles to dust.
You assume a fearsome visage.
The salamander tyrant looks frightened!
The salamander tyrant resists with almost no effort.
The salamander tyrant easily resists.
The salamander mystic resists with almost no effort.
The salamander tyrant hits you.
You are engulfed in flames!!
* * * LOW HITPOINT WARNING * * *
A salamander mystic comes into view. It is wielding a +0 quarterstaff.
The salamander tyrant gazes fiercely through you!
You feel as though you will be weak longer.
As you read the scroll of teleportation, it crumbles to dust.
You feel strangely unstable.
The salamander tyrant gazes fiercely through you!
You feel as though you will be weak longer.
The salamander tyrant gazes fiercely through you!
You feel as though you will be weak longer.
The salamander tyrant hits you!
* * * LOW HITPOINT WARNING * * *
You are engulfed in flames!!
* * * LOW HITPOINT WARNING * * *
The salamander mystic casts a spell at something.
The salamander tyrant calls gouts of flame from the lava!
The flame surge hits you!!
You die...
Your body falls in perfect tune with the rhythm.

..#####......≣≣≣§§≣§≈≈≣..≣≣≣...#.
.............≣≣§§..≣≈≣...≈≣≣..#..
...#####.....≣≣≣§........≣≣≣.#...
#..#.# ##....≣≣≈))≣≈≣≈≣..≈ ≣.#...
#...# #....≣≣≣.≣≈≣≣≣≈≣.≣ ≣#.#..
....## ##...≣≣≈.≈≣≣ ≣≈. ≣.#.#.
#....#####...≣≣≣.≣≣ . ≣..##.
###.........#≣≣≈.≈≣ ≣..##.
....###......≣≣≣@≣≣ ≣...## ....<
#......≣≣≈.N≣ ≣...##
......#......≣≣≣..≈N ≣...##
.....##......≣ §N.N.§§ ≣...##
.....##......≣≣≣≈≈....N≈ ≣≣.....
....###.......≣≣≣≈≈≈≈≈≈≈ ≣≣.....#
###.##.........≣≣≣≣§≈≈≣≣≣≣....#..
............≣ ≣≣≣≣≣≣....#...
#............≣≣ #.###...#.


You could see 3 salamander tyrants and 2 salamander mystics.

Vanquished Creatures
  Rupert (Snake:1)
  Kirke (Snake:1)
  A storm dragon (D:15)
  Aizul (Snake:1)
  Donald (Snake:2)
  A minotaur (Gauntlet)
  Azrael (Snake:1)
  Snorg (Lair:5)
  8 vault guards (D:13)
  4 hydras
  An ogre mage (D:15)
  Erica (D:8)
  3 anacondas (Snake:3)
  3 boulder beetles
  4 catoblepae
  4 centaur warriors
  12 death yaks
  11 two-headed ogres
  2 tengu warriors (D:15)
  A deep troll earth mage (D:15)
  2 naga sharpshooters
  3 shock serpents
  Sonja (D:10)
  Urug (Lair:5)
  7 naga warriors
  A skyshark (Lair:4)
  5 skeletal warriors (D:13)
  A salamander mystic (Snake:1)
  An arcanist (D:13)
  3 large abominations (Gauntlet)
  8 mana vipers
  3 naga ritualists (Snake:3)
  2 orc knights
  Pikel (D:4)
  3 deep elf pyromancers
  A necromancer (IceCv)
  7 manticores
  10 salamanders
  19 ugly things
  16 elephants
  Maurice (D:10)
  A meliai (D:11)
  A meliai (shapeshifter) (D:15)
  6 cyclopes
  24 black mambas
  An apocalypse crab (Gauntlet)
  A gargoyle (D:14)
  3 guardian serpents
  2 ice statues
  3 naga magi
  12 cane toads
  7 komodo dragons
  An unseen horror (D:10)
  2 kobold demonologists (D:13)
  3 rime drakes
  12 ice devils
  6 freezing wraiths
  2 anaconda simulacra (IceCv)
  7 polar bears
  5 trolls
  Grinder (D:5)
  9 dream sheep (Lair:5)
  2 glass eyes (D:11)
  14 blink frogs
  Sigmund (D:5)
  A centaur simulacrum (D:14)
  11 slime creatures
  3 vampires
  4 wyverns
  2 wraiths
  3 dire elephant simulacra (IceCv)
  62 yaks
  Grum (Lair:1)
  3 fire elementals (Snake:1)
  2 hogs
  Eustachio (D:7)
  7 basilisks
  Menkaure (D:7)
  A steam dragon (Lair:4)
  2 death yak simulacra (IceCv)
  2 harpy simulacra (IceCv)
  9 vampire mosquitoes
  Edmund (D:4)
  20 nagas
  21 water moccasins
  5 hell hounds (Snake:1)
  11 orc warriors
  10 ice beasts
  2 ogres (D:15)
  3 small abominations (Gauntlet)
  3 black bears
  10 wolves
  A lemure (D:4)
  10 centaurs
  A phantom (D:7)
  6 kobold brigands
  A gnoll sergeant (D:8)
  A scorpion (D:5)
  11 bullfrogs
  4 cane toad simulacra (IceCv)
  2 two-headed ogre simulacra (IceCv)
  16 wights
  24 killer bees
  An electric eel (Lair:2)
  6 howler monkeys
  2 centaur zombies (Ossuary)
  3 hounds
  A bombardier beetle (D:6)
  A jelly (D:7)
  7 orc priests
  4 iguanas
  11 orc wizards
  3 troll simulacra (IceCv)
  7 hell rats (Lair:1)
  6 polar bear simulacra (IceCv)
  8 wolf simulacra (IceCv)
  3 crocodile zombies (Ossuary)
  3 mummies (Ossuary)
  13 adders
  4 gnolls (D:3)
  A shadow imp (D:6)
  3 white imps
  3 dart slugs
  2 ribbon worms
  42 orcs
  5 endoplasms
  3 giant cockroaches
  A gnoll zombie (Ossuary)
  7 goblins
  3 hobgoblins
  2 quokkas
  9 ball pythons
  3 bats
  A goblin zombie (D:7)
  23 kobolds
  4 kobold zombies
  5 rats
  A rat zombie (D:7)
763 creatures vanquished.

Vanquished Creatures (others)
  A mana viper (Snake:1)
  A black mamba (Snake:1)
  A vampire (D:11)
  5 humans (Snake:1)
  An orc wizard (D:9)
  2 kobolds
11 creatures vanquished.

Grand Total: 774 creatures vanquished

Notes
Turn   | Place    | Note
-------+----------+-------------------------------------------
     0 | D:1      | Kenran the Minotaur Ice Elementalist began the quest for
                  | the Orb.
     0 | D:1      | Reached XP level 1. HP: 14/14 MP: 1/1
   143 | D:1      | Reached skill level 1 in Fighting
   364 | D:1      | Reached XP level 2. HP: 21/24 MP: 3/3
   485 | D:1      | Found a faded altar of an unknown god.
   492 | D:1      | Prayed at the altar of an unknown god.
   492 | D:1      | Became a worshipper of Uskayaw the Reveller
   492 | D:1      | Reached * piety under Uskayaw
   727 | D:2      | Reached ** piety under Uskayaw
   839 | D:2      | Identified the +6 mace of Untimely Demise {protect, Str+2}
  1060 | D:2      | Reached XP level 3. HP: 31/31 MP: 4/4
  1269 | D:3      | Reached skill level 1 in Maces & Flails
  1269 | D:3      | Reached *** piety under Uskayaw
  1296 | D:3      | Reached XP level 4. HP: 21/38 MP: 5/5
  1669 | D:3      | Reached XP level 5. HP: 45/45 MP: 6/6
  1766 | D:3      | Found an ancient bone altar of Kikubaaqudgha.
  1823 | D:3      | Reached skill level 5 in Maces & Flails
  1982 | D:3      | Found a blossoming altar of Fedhas.
  2007 | D:3      | Noticed an oklob plant
  2228 | D:4      | Noticed an ice beast
  2235 | D:4      | Killed an ice beast
  2236 | D:4      | Reached XP level 6. HP: 36/51 MP: 7/7
  2291 | D:4      | Noticed Pikel
  2329 | D:4      | Reached **** piety under Uskayaw
  2331 | D:4      | Killed Pikel
  2332 | D:4      | Reached XP level 7. HP: 33/57 MP: 8/8
  2598 | D:4      | Found a shadowy altar of Dithmenos.
  2774 | D:4      | Noticed Edmund
  2796 | D:4      | Killed Edmund
  2797 | D:4      | Reached skill level 10 in Maces & Flails
  2797 | D:4      | Reached skill level 1 in Armour
  2899 | D:5      | Entered Level 5 of the Dungeon
  2919 | D:5      | Noticed Sigmund
  2924 | D:5      | Reached skill level 2 in Armour
  2937 | D:5      | Killed Sigmund
  2938 | D:5      | Reached skill level 4 in Armour
  2938 | D:5      | Reached XP level 8. HP: 36/63 MP: 9/9
  2990 | D:5      | Found a staircase to the Ecumenical Temple.
  3257 | D:5      | Found a shimmering blue altar of Sif Muna.
  3504 | D:5      | Found an ornate altar of the Wu Jian Council.
  3540 | D:5      | Found a runed translucent gate.
  3540 | D:5      | Found a runed translucent gate.
  3540 | D:5      | Found a runed translucent gate.
  3567 | D:5      | Noticed paps's ghost (amateur TrFi)
  3690 | D:5      | Noticed Grinder
  3700 | D:5      | Killed Grinder
  4091 | D:6      | Reached skill level 5 in Fighting
  4260 | D:6      | Found a broken altar of Ashenzari.
  4288 | D:6      | Reached XP level 9. HP: 75/75 MP: 10/10
  4309 | D:6      | Reached ***** piety under Uskayaw
  4311 | D:6      | Reached skill level 5 in Armour
  4313 | D:6      | Reached skill level 6 in Armour
  4877 | D:7      | Found the +9 sword of Zonguldrok {reap}
  4883 | D:7      | Noticed Eustachio
  4885 | D:7      | Reached skill level 7 in Armour
  4907 | D:7      | Reached skill level 8 in Armour
  4939 | D:7      | Killed Eustachio
  5027 | D:7      | Reached skill level 9 in Armour
  5334 | D:7      | Reached skill level 10 in Armour
  5383 | D:7      | Found a sand-covered staircase.
  5395 | Ossuary  | Entered an ossuary
  5440 | Ossuary  | Reached XP level 10. HP: 84/84 MP: 11/11
  5762 | D:7      | Noticed Menkaure
  5772 | D:7      | Killed Menkaure
  6123 | D:8      | Noticed Erica
  6136 | D:8      | HP: 1/88 [something (4)]
  6144 | D:8      | Found a sacrificial altar of Ru.
  6203 | D:8      | Found a flagged portal.
  6213 | D:8      | Identified the +3 halberd of Immorality {vamp, Will+}
  6215 | D:8      | Identified the +7 spear of the Shrinking Gods {vamp,
                  | *Corrode rF+ rC- Int+8}
  6222 | D:8      | Found a runed translucent door.
  6223 | D:8      | Noticed Zaque's ghost (novice TrBr)
  6244 | D:8      | Found a radiant altar of Vehumet.
  6285 | D:8      | Noticed a four-headed hydra
  6293 | D:8      | Killed a four-headed hydra
  6339 | D:8      | Noticed a boulder beetle
  6363 | D:8      | Reached skill level 10 in Fighting
  6420 | D:8      | Killed a boulder beetle
  6421 | D:8      | Reached skill level 11 in Armour
  6430 | D:8      | Noticed a centaur warrior
  6438 | D:8      | Killed a centaur warrior
  6439 | D:8      | Reached skill level 12 in Armour
  6491 | D:8      | Noticed a centaur warrior
  6502 | D:8      | Killed a centaur warrior
  6523 | D:8      | Noticed a fire dragon
  6526 | D:8      | Noticed a deep elf pyromancer
  6526 | D:8      | Noticed a white ugly thing
  6652 | D:8      | Reached XP level 11. HP: 101/101 MP: 12/12
  6736 | D:8      | Killed Erica
  6867 | D:8      | Killed a deep elf pyromancer
  7019 | D:9      | Found a staircase to the Orcish Mines.
  7068 | D:9      | Noticed a two-headed ogre
  7079 | D:9      | Reached ****** piety under Uskayaw
  7082 | D:9      | Killed a two-headed ogre
  7246 | D:9      | Found a staircase to the Lair.
  7380 | D:9      | Found a runed translucent door.
  7383 | D:9      | Noticed Gilette's ghost (novice DrSh)
  7384 | D:9      | Identified the +4 trident of Growth {spect, Will+ Int-3
                  | Dex+8}
  7514 | D:9      | Found a hazy altar of Hepliaklqana.
  7707 | D:9      | Found Gozag's Platinum Reserve.
  7707 | D:9      | Found an opulent altar of Gozag.
  7757 | D:9      | Found a runed translucent door.
  7760 | D:9      | Found a basalt altar of Yredelemnul.
  7909 | D:10     | Entered Level 10 of the Dungeon
  7909 | D:10     | Noticed Sonja
  7910 | D:10     | Noticed Maurice
  7940 | D:10     | Something stole a +6 ring of intelligence
  7943 | D:10     | Something stole a +1 morningstar of protection
  7956 | D:10     | Something stole a throwing net
  7959 | D:10     | Killed Maurice
  7969 | D:10     | Killed Sonja
  8212 | D:10     | Reached skill level 15 in Maces & Flails
  8358 | D:10     | Noticed a two-headed ogre
  8369 | D:10     | Killed a two-headed ogre
  8621 | Lair:1   | Entered Level 1 of the Lair of Beasts
  8640 | Lair:1   | Noticed a death yak
  8641 | Lair:1   | Noticed a death yak
  8641 | Lair:1   | Noticed a death yak
  8641 | Lair:1   | Noticed a death yak
  8664 | Lair:1   | Noticed a death yak
  8668 | Lair:1   | Noticed a death yak
  8669 | Lair:1   | Killed a death yak
  8670 | Lair:1   | Reached XP level 12. HP: 84/112 MP: 10/13
  8715 | Lair:1   | Reached skill level 1 in Shields
  8979 | Lair:1   | Killed a death yak
  8980 | Lair:1   | Reached skill level 5 in Shields
  8996 | Lair:1   | Killed a death yak
  9007 | Lair:1   | Killed a death yak
  9014 | Lair:1   | Killed a death yak
  9015 | Lair:1   | Reached skill level 13 in Armour
  9023 | Lair:1   | Killed a death yak
  9302 | Lair:1   | Noticed Grum
  9316 | Lair:1   | Killed Grum
  9455 | Lair:1   | Reached skill level 14 in Armour
  9821 | Lair:1   | Reached skill level 15 in Armour
  9945 | Lair:2   | Found a staircase to the Swamp.
 10032 | Lair:2   | Noticed a four-headed hydra
 10066 | Lair:2   | Killed a four-headed hydra
 10067 | Lair:2   | Reached skill level 16 in Armour
 10170 | Lair:2   | Found a shimmering altar of Xom.
 10214 | Lair:2   | Reached XP level 13. HP: 117/118 MP: 14/14
 11196 | Lair:3   | Reached skill level 15 in Fighting
 11380 | Lair:3   | Found a staircase to the Snake Pit.
 11671 | Lair:4   | Found a transporter.
 11675 | Lair:4   | Found a bloodstained altar of Trog.
 11675 | Lair:4   | Noticed Rankomyk's ghost (journeyman VSEn)
 11684 | Lair:4   | Found a transporter.
 11719 | Lair:4   | Found a staircase to the Slime Pits.
 11723 | Lair:4   | Found a viscous altar of Jiyva.
 11968 | Lair:4   | Reached skill level 1 in Invocations
 12041 | Lair:4   | Noticed a dire elephant
 12061 | Lair:4   | Found a runed translucent door.
 12680 | Lair:5   | Entered Level 5 of the Lair of Beasts
 12778 | Lair:5   | Reached XP level 14. HP: 137/137 MP: 14/16
 12867 | Lair:5   | Noticed Snorg
 13051 | Lair:5   | Reached skill level 5 in Invocations
 13678 | Lair:5   | Killed Snorg
 13846 | Lair:5   | Noticed Urug
 13881 | Lair:5   | Reached skill level 10 in Shields
 13886 | Lair:5   | Killed Urug
 14427 | D:11     | Found a gate leading to a gauntlet.
 14490 | Gauntlet | Entered a Gauntlet
 14490 | Gauntlet | Found a transporter.
 14493 | Gauntlet | Found a transporter.
 14508 | Gauntlet | Found a transporter.
 14509 | Gauntlet | Found a transporter.
 14525 | Gauntlet | Found a transporter.
 14536 | Gauntlet | Found a transporter.
 14548 | Gauntlet | Found a transporter.
 14552 | Gauntlet | Found a transporter.
 14572 | Gauntlet | Found a transporter.
 14586 | Gauntlet | Found a transporter.
 14590 | Gauntlet | Found a transporter.
 14598 | Gauntlet | Found a transporter.
 14730 | Gauntlet | Identified the +0 glaive "Plog" {flame, Str+7}
 15092 | D:11     | Reached skill level 10 in Invocations
 15676 | D:12     | Reached XP level 15. HP: 145/145 MP: 21/21
 15912 | D:12     | Found a frozen archway.
 15932 | IceCv    | Entered an ice cave
 16199 | IceCv    | Found an ancient bone altar of Kikubaaqudgha.
 16590 | IceCv    | Reached skill level 17 in Armour
 17255 | D:13     | Identified a scroll of acquirement
 17256 | D:13     | Acquired a manual of Shields
 17388 | D:13     | Found a gate to the Vaults.
 18111 | D:14     | Reached skill level 18 in Armour
 18149 | D:14     | Found Duanaorgh's Armour Emporium.
 18778 | D:15     | Entered Level 15 of the Dungeon
 18970 | D:15     | Noticed a storm dragon
 18985 | D:15     | Killed a storm dragon
 19004 | D:15     | Reached skill level 15 in Shields
 19009 | D:15     | Reached XP level 16. HP: 85/157 MP: 22/22
 19090 | D:15     | Found a staircase to the Depths.
 20035 | Snake:1  | Entered Level 1 of the Snake Pit
 20075 | Snake:1  | Noticed Kirke
 20175 | Snake:1  | Killed Kirke
 20617 | Snake:1  | Identified the serpent talisman of Qazlal's Grace {rCorr
                  | Int+4}
 20617 | Snake:1  | Noticed Aizul
 20634 | Snake:1  | Killed Aizul
 20803 | Snake:1  | Found Jiciruat's Weapon Shoppe.
 20803 | Snake:1  | Found Okoxkiagru's Weapon Emporium.
 20839 | Snake:1  | Noticed Rupert
 20847 | Snake:1  | Killed Rupert
 21022 | Snake:1  | Noticed Azrael
 21048 | Snake:1  | Killed Azrael
 21651 | Snake:2  | Identified the +1 kite shield of Penap {+Inv rN+ Slay+3
                  | SInv}
 21651 | Snake:2  | Noticed Donald
 21816 | Snake:2  | Killed Donald
 21871 | Snake:2  | You fall into a shaft and drop 1 floor!
 21879 | Snake:3  | Found Piamu's Clear Minds Boutique.
 22032 | Snake:3  | Reached skill level 19 in Armour
 22040 | Snake:3  | HP: 3/157 [constriction (6)]
 22780 | Snake:3  | Reached skill level 20 in Armour
 22978 | Snake:3  | Killed from afar by a salamander tyrant

Illustrated notes

Levels and vault maps discovered:
D:1:      onia_arrival_pyramid, layout_loops_cross,
          shapermc_ecumenical_altar_pompeii, minivault_11
D:2:      layout_basic
D:3:      layout_basic, mainiacjoe_overflow_alcove_2, tgw_fedhas,
          minmay_snake_closets
D:4:      layout_gridville, grunt_dithmenos_smoke_and_mirrors, uniq_pikel,
          uniq_edmund
D:5:      layout_basic, nzn_wu_jian_council_hall, lemuel_blue_sif_altar,
          minmay_temple_entry_gardened_gates, gammafunk_ghost_icy,
          chequers_serial_rivers_large_a, uniq_sigmund, uniq_grinder
D:6:      layout_loops_corners, mainiacjoe_overflow_boulevard
D:7:      layout_loops_corners, enter_ossuary_4, sword_in_stone, uniq_menkaure
D:8:      layout_rooms, nicolae_overflow_hidden_temple, general_overflow_altar,
          mainiacjoe_overflow_tiny_flanked, enter_bailey_2,
          gammafunk_ghost_grave, minmay_evil_grid, uniq_erica
D:9:      layout_stronghold, dk_yredelemnul_ordeal,
          nicolae_gozag_zags_fifth_avenue, nicolae_hepliaklqana_hazy_memory,
          minmay_lair_entry_grove, ebering_ghost_funeral_grove
D:10:     layout_basic, uniq_maurice, uniq_sonja
D:11:     layout_roguey, gauntlet_entry_generic, onia_ninara_cookie
D:12:     layout_gridville, portal_ice_cave_demonic_guard
D:13:     layout_basic, erik_vaults_2
D:14:     layout_loops_ring, serial_park_avenue1, serial_shops,
          nicolae_shop_tiny_statue_garden, special_room [special_room_orc]
D:15:     hellmonk_depths_entry_around_the_bend, layout_basic, nicolae_sextant,
          nrook_mini_vaults, corexii_hall_statues_i
Lair:1:   layout_cave_pods, uniq_grum
Lair:2:   layout_cave_pods, minmay_swamp_entry_swarm, basic_altar
Lair:3:   layout_roguey, minmay_snake_entry_guardpost_large
Lair:4:   gammafunk_lair_enchanted_lake, layout_cave_pods, slime_entry_1,
          gammafunk_ghost_wrathful_warriors
Lair:5:   evilmike_catoblepas_cave, layout_loops_ring, ice2_lemuel,
          lemuel_fruit_tree, uniq_urug, uniq_snorg
Snake:1:  layout_chambers, drop_trap, nrook_guardian_serpent_ordinary,
          minmay_shoptagon, uniq_azrael, uniq_aizul, uniq_rupert, uniq_kirke
Snake:2:  layout_onion_interference, serial_library_hellmonk_room_b,
          grunt_megastairs_3, uniq_donald, uniq_vashnia, uniq_louise
Snake:3:  cheibrodos_snake_lava_hold, layout_chambers, nicolae_clarity_for_sale

Skill      XL: |  1  2  3  4  5  6  7  8  9 10 11 12 13 14 15 16 |
---------------+-------------------------------------------------+-----
Fighting       | 2 3 5 6 10 12 16 18 | 18.0
Maces & Flails | 2 4 6 9 10 11 12 15 16 | 16.0
Armour         | 4 10 12 16 18 20 | 20.0
Shields        | 5 7 10 15 16 | 16.5
Invocations    | 4 10 12 | 12.0
Dodging        | |  2.1
Stealth        | |  1.5
Unarmed Combat | |  0.6
Spellcasting   | |  1.3
Ice Magic      | |  2.9

Action                     |  1- 3 |  4- 6 |  7- 9 | 10-12 | 13-15 | 16-18 || total
---------------------------+-------+-------+-------+-------+-------+-------++-------
  Melee: Unarmed           |    49 |       |       |       |       |     7 ||    56
         Headbutt          |    12 |    14 |    53 |   148 |   399 |   119 ||   745
         Punch             |     1 |       |       |       |       |       ||     1
         Mace              |    16 |   109 |   266 |   393 |       |       ||   784
         Morningstar       |       |       |       |   303 |  1351 |   383 ||  2037
  Throw: Throwing net      |       |       |       |     1 |       |       ||     1
 Invoke: Stomp             |       |       |       |     1 |     5 |     2 ||     8
  Evoke: Wand              |       |       |       |       |       |     1 ||     1
    Use: Scroll            |       |       |     4 |    13 |     7 |     5 ||    29
         Potion            |       |       |       |     8 |     5 |     3 ||    16
   Stab: Sleeping          |       |     1 |       |       |       |     1 ||     2
         Paralysed         |       |     1 |     7 |    33 |   108 |    35 ||   184
         Petrified         |       |       |       |       |     9 |       ||     9
 Armour: Ring mail         |    57 |    80 |    19 |       |       |       ||   156
         Scale mail        |       |       |   195 |   578 |  1005 |     6 ||  1784
         Skin              |       |       |       |    24 |     4 |     3 ||    31
         Leather armour    |       |       |       |       |       |   265 ||   265
  Dodge: Dodged            |    43 |    37 |   111 |   181 |   281 |    60 ||   713
  Block: Kite shield       |       |       |       |   365 |   545 |       ||   910
         Tower shield      |       |       |       |       |   352 |   333 ||   685

Table legend: (Time is in decaauts)
 A = Elapsed time spent in this place.
 B = Non-inter-level travel time spent in this place.
 C = Inter-level travel time spent in this place.
 D = Time resting spent in this place.
 E = Time spent auto-exploring this place.
 F = Levels seen in this place.
 G = Mean time per level.
                   A        B        C        D        E       F      G
               +--------+--------+--------+--------+--------+-----+--------+
         Total |  22788 |  21672 |   1116 |   2291 |  13445 |  26 |  876.5 |
       Dungeon |  12840 |  12110 |    730 |    822 |   8157 |  15 |  856.0 |
          Lair |   5748 |   5413 |    335 |    620 |   3279 |   5 | 1149.6 |
     Snake Pit |   2812 |   2762 |     50 |    613 |   1517 |   3 |  937.3 |
       Ossuary |    114 |    114 |      0 |      0 |     30 |   1 |  114.0 |
      Ice Cave |    908 |    908 |      0 |    170 |    295 |   1 |  908.0 |
      Gauntlet |    365 |    365 |      0 |     63 |    167 |   1 |  365.0 |
               +--------+--------+--------+--------+--------+-----+--------+

Top non-repeatable levels by time:
 Snake:1: 1541 daAuts
  Lair:5: 1454 daAuts
  Lair:1: 1216 daAuts
  Lair:4: 1130 daAuts
 Snake:3: 1079 daAuts
     D:8: 1061 daAuts
     D:7: 1058 daAuts
    D:13: 1031 daAuts
     D:9: 1029 daAuts
     D:5: 1011 daAuts
  Lair:3: 1010 daAuts
  Lair:2: 936 daAuts
    D:15: 919 daAuts
   IceCv: 908 daAuts
     D:6: 877 daAuts
